 Dungeon Crawl Stone Soup version 0.19-a0-465-g1d1674b (webtiles) character file.

1855 ololoev the Destroyer (level 8, -6/41 HPs)
             Began as a Deep Elf Fire Elementalist on June 3, 2016.
             Was a Priest of Vehumet.
             Hit by a tomahawk thrown by an orc warrior (20 damage)
             ... on level 9 of the Dungeon.
             The game lasted 00:17:05 (1764 turns).

ololoev the Destroyer (Deep Elf Fire Elementalist)  Turns: 1764, Time: 00:17:06

Health: -6/41      AC:  3    Str:  5    XL:     8   Next: 89%
Magic:  4/22       EV: 13    Int: 23    God:    Vehumet [***...]
Gold:   111        SH:  0    Dex: 15    Spells: 6 memorised, 4 levels left

rFire  . . .     SeeInvis .     m - +1 trident (flame)
rCold  . . .     Gourm    .     a - +0 robe
rNeg   . . .     Faith    .     (no shield)
rPois  .         Spirit   .     (no helmet)
rElec  .         Dismiss  .     (no cloak)
rCorr  .         Reflect  .     e - +0 pair of gloves
SustAt .         Harm     .     (no boots)
MR     .....                    (no amulet)
Stlth  ++........               (no ring)
                                (no ring)

@: not resistant to hostile enchantments, unstealthy
A: no striking features
a: Renounce Religion

Inventory:

Hand Weapons
 m - a +1 trident of flaming (weapon)
Missiles
 x - 2 throwing nets (quivered)
Armour
 a - a +0 robe (worn)
 e - a +0 pair of gloves (worn)
Scrolls
 d - a scroll of random uselessness {unknown}
 g - 2 scrolls of amnesia {unknown}
 i - a scroll of noise {unknown}
 o - 2 scrolls of teleportation {unknown}
 p - 3 scrolls of identify {unknown}
 r - a scroll of enchant weapon {unknown}
 t - a scroll of magic mapping {unknown}
 u - a scroll of immolation {unknown}
 y - a scroll of remove curse {unknown}
 z - 2 scrolls of fog {unknown}
Potions
 f - a potion of beneficial mutation {unknown}
 h - 5 potions of curing {unknown}
 j - 2 potions of might {unknown}
 k - 6 potions of heal wounds {unknown}
 l - 3 potions of agility {unknown}
 n - a potion of ambrosia {unknown}
 w - 4 potions of brilliance {unknown}
 B - a potion of magic {unknown}
Books
 b - a book of Flames

   Spells                             Type                      Level
   a - Flame Tongue                   Conjuration/Fire             1
   b - Throw Flame                    Conjuration/Fire             2
   c - Conjure Flame                  Conjuration/Fire             3
   d - Inner Flame                    Hexes/Fire                   3
   e - Sticky Flame                   Conjuration/Fire             4
   f - Fireball                       Conjuration/Fire             5
Comestibles
 c - 5 bread rations
 q - a meat ration
 s - 7 beef jerkies
 v - a chunk of flesh
 A - 4 fruits


   Skills:
 - Level 2.4 Dodging
 - Level 2.4 Stealth
 + Level 8.1 Spellcasting
 * Level 9.0 Conjurations
 + Level 7.1 Fire Magic


You had 4 spell levels left.
You knew the following spells:

 Your Spells              Type           Power        Failure   Level  Hunger
a - Flame Tongue          Conj/Fire      #####        1%          1    None
b - Conjure Flame         Conj/Fire      #####...     1%          3    None
c - Sticky Flame          Conj/Fire      #####...     1%          4    ###....
d - Fireball              Conj/Fire      #####.....   2%          5    #####..
e - Inner Flame           Hex/Fire       ####....     1%          3    None
f - Dazzling Spray        Conj/Hex       ####..       1%          3    None


You were on level 9 of the Dungeon.
You worshipped Vehumet.
Vehumet was most pleased with you.
You were not hungry.

You visited 1 branch of the dungeon, and saw 9 of its levels.
You also visited: Sewer.

You collected 111 gold pieces.

.........#
.........#
o....o...#
.........#
....o5...#
.........#
..≈≈≈...<#
#.≈≈≈...<#
..≈≈[..[@#
......)..#
.........#
.........#
.........#
.........#
.........#
.........#

Notes
Turn   | Place    | Note
--------------------------------------------------------------
     0 | D:1      | ololoev the Deep Elf Fire Elementalist began the quest for the Orb.
     0 | D:1      | Reached XP level 1. HP: 10/10 MP: 6/6
   218 | D:2      | Found an oddly glowing altar of Pakellas.
   218 | D:2      | Noticed an orange crystal statue
   219 | D:2      | Noticed a crocodile
   228 | D:2      | Found a faded altar of an unknown god.
   231 | D:2      | Killed a crocodile
   233 | D:2      | Reached skill level 2 in Conjurations
   233 | D:2      | Reached XP level 2. HP: 15/15 MP: 5/8
   239 | D:2      | Became a worshipper of Vehumet
   239 | D:2      | Reached * piety under Vehumet
   239 | D:2      | Offered knowledge of Magic Dart by Vehumet.
   318 | D:2      | Reached XP level 3. HP: 19/19 MP: 5/10
   323 | D:2      | Learned a level 3 spell: Conjure Flame
   327 | D:2      | Learned a level 3 spell: Inner Flame
   625 | D:3      | Reached skill level 3 in Conjurations
   625 | D:3      | Reached XP level 4. HP: 24/24 MP: 8/12
   632 | D:3      | Learned a level 4 spell: Sticky Flame
   680 | D:5      | Entered Level 5 of the Dungeon
   710 | D:6      | Noticed Pikel
   710 | D:6      | Noticed a slave
   710 | D:6      | Noticed a slave
   760 | D:6      | Noticed a slave
   761 | D:6      | Noticed a slave
   762 | D:6      | Noticed a necrophage
   772 | D:6      | Killed Pikel
   772 | D:6      | Reached skill level 5 in Spellcasting
   772 | D:6      | Reached skill level 5 in Conjurations
   772 | D:6      | Reached skill level 5 in Fire Magic
   772 | D:6      | Reached XP level 5. HP: 10/28 MP: 2/15
   772 | D:6      | Reached XP level 6. HP: 12/32 MP: 2/16
   772 | D:6      | Reached XP level 7. HP: 14/36 MP: 2/17
   912 | D:6      | Noticed Dowan
   915 | D:6      | Noticed Duvessa
   922 | D:6      | Killed Dowan
   922 | D:6      | Reached skill level 6 in Conjurations
   922 | D:6      | Reached ** piety under Vehumet
   925 | D:6      | Killed Duvessa
   925 | D:6      | Offered knowledge of Shock by Vehumet.
  1087 | D:6      | Found a glowing drain.
  1103 | Sewer    | Entered a sewer
  1128 | Sewer    | Learned a level 5 spell: Fireball
  1138 | Sewer    | Reached skill level 7 in Conjurations
  1138 | Sewer    | Reached XP level 8. HP: 23/41 MP: 16/20
  1327 | Sewer    | Offered knowledge of Ignite Poison by Vehumet.
  1392 | Sewer    | Reached skill level 8 in Conjurations
  1464 | D:7      | Reached *** piety under Vehumet
  1569 | D:7      | Found a shattered altar of Ashenzari.
  1643 | D:7      | Found a shimmering altar of Xom.
  1711 | D:8      | Offered knowledge of Dazzling Spray by Vehumet.
  1728 | D:9      | Reached skill level 9 in Conjurations
  1760 | D:9      | Learned a level 3 spell: Dazzling Spray
  1764 | D:9      | Hit by a tomahawk thrown by an orc warrior

Dungeon Overview and Level Annotations

Branches:
Dungeon (9/15)
 Temple: D:4-7         Lair: D:8-11         Orc: D:9-12

Altars:
Ashenzari
Pakellas
Vehumet
Xom


Message History

Press: ? - help, Shift-Dir - straight line, f/p - orc wizard
Aim: an orc wizard, wielding a dagger and wearing a robe (severely wounded, fast)
The flame tongue misses the orc wizard.
The orc wizard hits you with a dagger!
You barely miss the orc wizard.
The orc wizard is severely wounded.
The orc wizard barely misses you.
The orc wizard hits you but does no damage.
An orc comes into view.
You completely miss the orc wizard.
The orc wizard is severely wounded.
The orc wizard casts a spell at you. The puff of flame hits you!
The orc moves out of view.
The orc wizard hits you but does no damage.
You miss the orc wizard.
The orc wizard is severely wounded.
The orc wizard gestures at you while chanting.
The puff of frost hits you! The orc wizard hits you with a dagger.
Casting: Flame Tongue
Confirm with . or Enter, or press ? or * to list all spells.
Aiming: Flame Tongue
Press: ? - help, Shift-Dir - straight line, f/p - orc wizard
Aim: an orc wizard, wielding a dagger and wearing a robe (severely wounded, fast)
The flame tongue hits the orc wizard.
The orc wizard appears unharmed.
The orc wizard is severely wounded.
The orc wizard hits you but does no damage.
The orc wizard barely misses you.
There is a stone staircase leading up here.
You hit the orc wizard. You burn the orc wizard.
You kill the orc wizard!
Vehumet accepts your kill.
A crimson imp comes into view.
You climb upwards.
There is a stone staircase leading down here.
Eat one of 2 chunks of flesh? (ye/n/q/i?) This raw flesh tastes terrible.
You continue eating. x2
A quasit comes into view.
The quasit moves out of view.
Items here: ) [ †† a leather armour; a club; an orc corpse x2
Items here: ) [ †† a leather armour; a club; an orc corpse x2
Your magical contamination has completely faded away.
There is a stone staircase leading down here.
You climb downwards.
There is a stone staircase leading up here.
Memorise Dazzling Spray, consuming 3 spell levels and leaving 4?
The orc shouts!
Vehumet grants you knowledge of Dazzling Spray.
You start memorising the spell.
You continue memorising. x3
The crimson imp shouts!
You finish memorising.
Spell assigned to 'f'.
Casting: Flame Tongue
Confirm with . or Enter, or press ? or * to list all spells.
Aiming: Dazzling Spray
Press: ? - help, Shift-Dir - straight line, f - orc
Aim: an orc The spray of energy hits the orc.
You kill the orc!
Vehumet accepts your kill.
You feel your power returning.
The spray of energy hits the crimson imp.
The crimson imp is moderately wounded.
The crimson imp is dazzled.
The orc warrior shouts!
The orc shouts!
Unknown command.
The orc warrior throws a tomahawk.
The tomahawk barely misses you.
Attack whom?
Press: ? - help, Dir - move target cursor, f - crimson imp
Aim: a crimson imp (moderately wounded, blind)
You reach to attack!
You catch the helpless crimson imp completely off-guard!
You hit the crimson imp but do no damage.
The crimson imp is moderately wounded.
The orc warrior throws a tomahawk.
The tomahawk misses you.
An orc wizard comes into view. It is wielding a dagger.
Things that are here:
a robe; a dagger; an orc corpse The orc warrior throws a tomahawk.
The tomahawk hits you!!
You die...

You could see an orc warrior, a crimson imp (blind) and an orc.

Vanquished Creatures
  Pikel (D:6)
  Duvessa (D:6)
  An orc warrior (D:8)
  A necrophage (D:6)
  An ogre (D:7)
  6 big kobolds (Sewer)
  A giant frog (D:6)
  A scorpion (D:6)
  Dowan (D:6)
  A howler monkey (D:6)
  2 crimson imps (D:6)
  6 orc wizards
  A giant frog skeleton (D:7)
  An orc priest (D:8)
  An iguana (D:5)
  2 jellies
  A worker ant (D:3)
  6 adders
  3 oozes
  A worm (D:2)
  A dart slug (D:1)
  4 giant geckos
  15 orcs
  6 ball pythons
  4 bats
  4 giant cockroaches
  A goblin (D:2)
  3 hobgoblins
  2 giant newts (Sewer)
  10 kobolds
  3 rats
92 creatures vanquished.

Vanquished Creatures (others)
  2 slaves (D:6)
  A crocodile (D:2)
  A crimson imp (D:6)
  A giant frog zombie (D:6)
5 creatures vanquished.

Grand Total: 97 creatures vanquished

Action                   |  1- 3 |  4- 6 |  7- 9 || total
-------------------------+-------+-------+-------++-------
Melee: Unarmed           |     1 |       |       ||     1
       Trident           |       |     8 |    52 ||    60
 Cast: Flame Tongue      |    45 |    14 |    63 ||   122
       Inner Flame       |     1 |       |     8 ||     9
       Sticky Flame      |       |     2 |     6 ||     8
       Conjure Flame     |       |     1 |     4 ||     5
       Fireball          |       |       |     6 ||     6
       Dazzling Spray    |       |       |     1 ||     1
 Stab: Distracted        |       |       |     3 ||     3
       Invisible         |       |       |     1 ||     1
  Eat: Chunk             |       |       |     6 ||     6
Armor: Robe              |     2 |     1 |    32 ||    35
Dodge: Dodged            |    11 |     6 |    77 ||    94

Vault maps used:
D:1:      lemuel_arrival_lava_pool, serial_curves, eino_curves_04,
          eino_curves_01, eino_curves_01, eino_curves_02
D:2:      gammafunk_pakellas_statue_experiment, overflow_temple_1_default,
          ecumenical_altar_2
D:3:      overflow_temple_1_default, nicolae_qazlal_general_emergency
D:4:      kennysheep_little_box
D:5:      makhleb_blood_cavern_becter, minmay_temple_entry_butterflies,
          first_bread, amethyst_killhole, glass_columns_a,
          nicolae_dithmenos_shadow_blocks
D:6:      portal_sewer_entry_c, fedhas_altar_4, uniq_pikel, uniq_duvessa
D:7:      evilmike_ruin_ashenzari, overflow_temple_1_default,
          lemuel_blue_sif_altar, nicolae_overflow_crystal_walls,
          nicolae_overflow_hidden_temple, grunt_ogre_cave
D:8:      nicolae_ru_path_of_blood, minmay_misc_feat_diagonals,
          uniq_prince_ribbit1
D:9:      nemelex_deck, nicolae_tso_carved_into_rock, minivault_8
Sewer:    kennysheep_pipe_town
